 Dungeon Crawl Stone Soup version bcrawl-1.14 (webtiles) character file.

Game seed: 12161045737182474534

42 Revguard the Ducker (level 3, 0/26 HPs)
             Began as a Demonspawn Archaeologist on Sept 6, 2019.
             Slain by Crazy Yiuf
             ... wielding a +4 quarterstaff of chaos
              (6 damage)
             ... on level 2 of the Dungeon.
             The game lasted 00:04:20 (1198 turns).

Revguard the Ducker (Demonspawn Archaeologist)      Turns: 1198, Time: 00:04:21

Health: 0/26       AC:  6    Str:  8 (9)  XL:     3   Next: 35%
Magic:  3/3        EV: 13    Int: 13 (15) God:
Gold:   99         SH:  0    Dex: 10 (12) Spells: 2/2 levels left

rFire    . . .     SeeInvis .   m - +0 short sword
rCold    . . .     Gourm    .   (no shield)
rNeg     . . .     Faith    .   b - +1 robe
rPois    +         Spirit   .   c - +1 hat
rElec    .         Reflect  .   (no cloak)
rCorr    .         Harm     .   (no gloves)
MR       .....     Rnd*Tele +   d - +1 pair of boots
Stlth    ++........             (no amulet)
HPRegen  0.08/turn              (no ring)
MPRegen  0.08/turn              (no ring)

@: studying Bows
A: claws 1, poison resistance, powered by pain 1, screaming 1, teleportitis 1,
weak 1
a: no special abilities


You were on level 2 of the Dungeon.
You were not hungry.

You visited 1 branch of the dungeon, and saw 2 of its levels.

You collected 99 gold pieces.

Inventory:

Hand Weapons
 a - a +1 whip
 m - a +0 short sword (weapon)
 n - a +0 mace of protection
 p - a +1 mace of crushing
Armour
 b - a +1 robe (worn)
 c - a +1 hat (worn)
 d - a +1 pair of boots (worn)
Scrolls
 i - a scroll of fear
 o - 2 scrolls of enchant weapon
Potions
 h - a potion of curing
 j - a potion of agility
 l - a potion of flight
 q - a potion of ambrosia
Books
 e - a manual of Bows
Miscellaneous
 f - an ancient crate
Comestibles
 g - 6 rations {!d}
 k - 6 chunks of flesh


   Skills:
 * Level 1.4 Fighting
 + Level 0.1 Short Blades
 - Level 1.2 Maces & Flails
 * Level 0.5 Bows
 * Level 0.8 Armour
 + Level 3.2 Dodging
 * Level 3.0 Stealth
 + Level 0.7 Evocations


You had 2 spell levels left.
You didn't know any spells.
Your spell library was empty.

Dungeon Overview and Level Annotations

Branches:
Dungeon (2/12)

Altars:
Ru

Annotations:
D:2 Crazy Yiuf


Innate Abilities, Weirdness & Mutations

You have sharp fingernails.
You sometimes gain a little power by taking damage.
Your system is resistant to poisons. (rPois)
You occasionally shout uncontrollably at your foes.
You are occasionally teleported next to monsters.
You are weak. (Str -2)


Message History

Found seven maces and a glowing mace.
Crazy Yiuf shouts!
There is an open door here.
Crazy Yiuf hits you with a +4 quarterstaff of chaos!
Crazy Yiuf freezes you.
You see here a mace.
You barely miss Crazy Yiuf.
Crazy Yiuf hits you with a +4 quarterstaff of chaos.
You hit Crazy Yiuf.
Crazy Yiuf is moderately wounded.
Crazy Yiuf hits you with a +4 quarterstaff of chaos.
Crazy Yiuf freezes you.
* * * LOW HITPOINT WARNING * * *
You hit Crazy Yiuf.
Crazy Yiuf is heavily wounded.
Crazy Yiuf closely misses you.
You hit Crazy Yiuf.
Crazy Yiuf is heavily wounded.
Crazy Yiuf hits you with a +4 quarterstaff of chaos.
You die...

....÷.....#.#..........#####
.....>....'†#..........#
..........###..........#
..........# ##########.#
###.......# ### # #..######
##### ###..# #).)# ###..#
#)g)# ###..# #)@)# # #..#
##'## ###..# ♣♣)♣
.....####### ♣.♣♣
...........# ♣♣.♣
##########.# ♣)♣♣ #.# ♣♣)♣♣
#.# ♣)..♣♣ #.# ♣....♣


You could see Crazy Yiuf.

Vanquished Creatures
  2 oozes (D:1)
  2 ball pythons
  7 bats
  2 giant cockroaches
  4 goblins
  5 hobgoblins
  2 jackals (D:2)
  4 kobolds
  A frilled lizard (D:1)
29 creatures vanquished.

Notes
Turn   | Place    | Note
-------+----------+-------------------------------------------
     0 | D:1      | Revguard the Demonspawn Archaeologist began the quest for
                  | the Orb.
     0 | D:1      | Reached XP level 1. HP: 15/15 MP: 1/1
   284 | D:1      | Gained mutation: You have sharp fingernails. [demonic
                  | ancestry]
   284 | D:1      | Reached XP level 2. HP: 21/21 MP: 2/2
   308 | D:1      | Reached skill level 1 in Maces & Flails
   695 | D:1      | Gained mutation: You occasionally shout uncontrollably at
                  | your foes. [potion of mutation]
   695 | D:1      | Gained mutation: You are weak. (Str -2) [potion of
                  | mutation]
   695 | D:1      | Gained mutation: You are occasionally teleported next to
                  | monsters. [potion of mutation]
   695 | D:1      | Gained mutation: Your system is resistant to poisons.
                  | (rPois) [potion of mutation]
   791 | D:2      | Gained mutation: You sometimes gain a little power by
                  | taking damage. [demonic ancestry]
   791 | D:2      | Reached XP level 3. HP: 21/26 MP: 3/3
  1103 | D:2      | Found a sacrificial altar of Ru.
  1186 | D:2      | Found a runed door.
  1192 | D:2      | Noticed Crazy Yiuf
  1198 | D:2      | Slain by Crazy Yiuf

Skill      XL: |  1  2 |
---------------+-------+-----
Dodging        | 3 |  3.2
Maces & Flails | 1 |  1.2
Fighting       | |  1.4
Short Blades   | |  0.1
Bows           | |  0.5
Armour         | |  0.8
Stealth        | |  3.0
Evocations     | |  0.7

Action                   || total
-------------------------++-------
Melee: Whip              ||    96
       Short sword       ||    52
  Use: Potion            ||     4
       Scroll            ||     7
 Stab: Sleeping          ||     2
  Eat: Chunk             ||     1
Armor: Robe              ||    57
Dodge: Dodged            ||   126
